Unix NetHack Version 5.0.0-0 post-release - last build May 17 2026 04:57:42 (dc50c8380fa5e20985bfe3072449f57b8d9895ef,branch:main).

Game began 2026-05-21 12:23:40, ended 2026-05-21 12:37:25.

FutureTim, lawful female human Valkyrie

               ---
              --.--
              |...--
              --...|
           --- |...|
         ---.----..--                                 ---
         |....| |...|              ----                ..
         |....| |-.---             |..---               .----
         ---..---..>.|       --- ---....|               .....
           |.........| ---- --.---......|                ...
           --........---..---...|.......-                ...
   ---      |..|...........|.........--.`|                ..
   |..----- -----.--...............--- -.--               ..-
   |......----  -----..............| ---..--               .
   -- |......|      |......---.....---....)|              -.--
      --.....|      --.....| |............-|            --|..---
      --...------------..^.---..........<).--         ---.|....|
     --..................`.............*)...-----------.@`.....|
     |..................................)................@..----
     --..|.----------------..---.|.---------------------.|.--
      ------              ---- -----                   -----
FutureTim the Skirmisher    St:17 Dx:9 Co:18 In:8 Wi:12 Ch:11  Lawful
Dlvl:4  $:147 HP:0(31) Pw:8(8) AC:6  Xp:3 T:1400 

Latest messages:
 The werejackal summons help!
 A jackal suddenly appears next to you!
 A jackal suddenly appears next to you!
 The werejackal hits!
 The little dog misses the jackal.
 The little dog misses the jackal.
 You hit the werejackal!
 The jackal bites!
 The jackal misses!
 The werejackal hits!
 The little dog bites the jackal.
 The jackal misses the little dog.
 You miss the werejackal.
 The jackal bites!
 The jackal bites!
 The werejackal changes into a jackal.
 The werejackal bites!
 The little dog misses the jackal.
 Are you sure you want to pray? [yn] (n) y
 You begin praying to Tyr.
 You are surrounded by a shimmering light.
 The jackal starts to attack you, but pulls back.
 The jackal starts to attack you, but pulls back.
 The werejackal starts to attack you, but pulls back.
 The little dog misses the jackal.
 The jackal starts to attack you, but pulls back.
 The jackal starts to attack you, but pulls back.
 The werejackal starts to attack you, but pulls back.
 The little dog misses the jackal.
 The little dog bites the jackal.
 The jackal is killed!
 The jackal starts to attack you, but pulls back.
 The werejackal starts to attack you, but pulls back.
 You finish your prayer.
 You feel that Tyr is well-pleased.
 Your spear softly glows with a light blue aura.
 The jackal bites!
 The little dog misses the jackal.
 The little dog misses the jackal.
 You hear some noises.
 You kill the jackal!
 You hit the werejackal!
 The werejackal changes into a human.
 The werejackal hits!
 You hit the werejackal.
 The werejackal just misses!
 You hit the werejackal!
 The werejackal hits!
 You die...
 Do you want your possessions identified? [ynq] (y) q

Inventory:
 Coins    ('$')
  $ - 147 gold pieces
 Amulets  ('"')
  k - a blessed amulet of unchanging (being worn)
 Weapons  (')')
  b - a +0 dagger (alternate weapon; not wielded)
  a - a blessed +1 spear (weapon in right hand)
 Armor    ('[')
  z - an uncursed +0 pair of iron shoes
  c - an uncursed +3 small shield (being worn)
  x - an uncursed +0 dwarvish cloak (being worn)
 Comestibles  ('%')
  r - an uncursed lembas wafer
  q - an uncursed tin of spinach
 Scrolls  ('?')
  h - an uncursed scroll of charging
  g - an uncursed scroll of confuse monster
  o - an uncursed scroll of teleportation
 Potions  ('!')
  f - an uncursed potion of oil
  y - a blessed potion of see invisible
 Wands    ('/')
  p - a wand of digging (0:8)
 Tools    ('(')
  i - an empty uncursed sack
  w - an empty uncursed sack
  e - an uncursed oil lamp
  n - an uncursed skeleton key
  j - an uncursed tin whistle
 Gems/Stones  ('*')
  s - an uncursed worthless piece of blue glass
  u - an uncursed worthless piece of violet glass
  t - 2 uncursed worthless pieces of yellow glass

FutureTim the Valkyrie's attributes:

Background:
 You were a Skirmisher, a level 3 human Valkyrie.
 You were lawful, on a mission for Tyr
 who was opposed by Odin (neutral) and Loki (chaotic).
 You were right-handed.
 You were in the Gnomish Mines, on level 4.
 You entered the dungeon 1400 turns ago.
 You had 49 experience points, 31 more were needed to attain level 4.

Basics:
 You had 0 out of 31 hit points.
 You had all 8 energy points (spell power).
 Your armor class was 6.
 Your wallet contained 147 zorkmids.
 Autopickup was off.

Final Characteristics:
 Your strength was 17 (limit:18/100).
 Your dexterity was 9 (limit:18).
 Your constitution was 18 (limit:18).
 Your intelligence was 8 (limit:18).
 Your wisdom was 12 (limit:18).
 Your charisma was 11 (limit:18).

Final Status:
 You weren't hungry.
 You were unencumbered.
 You were wielding a spear.
 You had basic skill with spear.

Final Attributes:
 You were devoutly aligned.
 Your items were somewhat protected from fire.
 You were cold resistant.
 Your items were somewhat protected from cold.
 You were stealthy.
 You were warded.
 You couldn't change from your current form.
 You are dead.

Miscellaneous:
 You didn't encounter any bones levels.
 Total elapsed playing time was 13 minutes and 44 seconds.

Major events:
 Turn
    1: FutureTim the lawful human Valkyrie entered the dungeon
 1162: entered the Gnomish Mines
 1200: attained the rank of Skirmisher (level 3)
 1400: killed by a werejackal

You didn't know any spells.

Skills:
 Fighting Skills
   bare handed combat [Unskilled]
   two weapon combat  [Unskilled]
   riding             [Unskilled]
 Weapon Skills
   dagger             [Basic]
   axe                [Unskilled]
   pick-axe           [Unskilled]
   short sword        [Unskilled]
   broadsword         [Unskilled]
   long sword         [Unskilled]
   two-handed sword   [Unskilled]
   saber              [Unskilled]
   hammer             [Unskilled]
   quarterstaff       [Unskilled]
   polearms           [Unskilled]
   spear              [Basic]
   trident            [Unskilled]
   lance              [Unskilled]
   sling              [Unskilled]
 Spellcasting Skills
   attack spells      [Unskilled]
   escape spells      [Unskilled]

Voluntary challenges:
 Character rerolling was not enabled.
 You never genocided any monsters.
 You never polymorphed an object.
 You never changed form.
 You used no wishes.
Achievements:
 You entered the Gnomish Mines.
 You attained the rank of Skirmisher.

 The Dungeons of Doom: levels 1 to 3
    Level 1:
       An altar.
    Level 2:
    Level 3:
       Many altars, many fountains.
       Stairs down to The Gnomish Mines.
 The Gnomish Mines:
    Level 4: <- You were here.
       Final resting place for
          you, killed by a werejackal.


Vanquished creatures:
  a dwarf
  a red mold
  4 gnomes
  2 jackals
  a kobold
  4 goblins
  a sewer rat
  2 grid bugs
  2 lichens
  4 kobold zombies
  2 newts
24 creatures vanquished.

No species were genocided or became extinct.

Game over:
                       ----------
                      /          \
                     /    REST    \
                    /      IN      \
                   /     PEACE      \
                  /                  \
                  |    FutureTim     |
                  |      147 Au      |
                  |   killed by a    |
                  |    werejackal    |
                  |                  |
                  |                  |
                  |       2026       |
                 *|     *  *  *      | *
        _________)/\\_//(\/(/\)/\//\/|_)_______

Farvel FutureTim the Valkyrie...

You died in The Gnomish Mines on dungeon level 4 with 489 points,
and 147 pieces of gold, after 1400 moves.
You were level 3 with a maximum of 31 hit points when you died.

